 Dungeon Crawl Stone Soup version 0.29.1-14-g9c671dbff4 (webtiles) character file.

Game seed: 5615834939739302719

39 booth the Carver (level 3, -3/35 HPs)
             Began as a Gnoll Wanderer on Feb 20, 2023.
             Killed from afar by Jessica (14 damage)
             ... with a bolt of light
             ... on level 2 of the Dungeon.
             The game lasted 00:09:15 (1461 turns).

booth the Carver (Gnoll Wanderer)                   Turns: 1461, Time: 00:09:16

Health: -3/35      AC:  4    Str: 11    XL:     3   Next: 45%
Magic:  4/4        EV: 11    Int: 10    God:
Gold:   95         SH:  0    Dex: 14    Spells: 3/3 levels left

rFire   . . .      SeeInvis .   a - +2 falchion
rCold   + . .      Faith    .   (no shield)
rNeg    . . .      Spirit   .   e - +0 robe
rPois   .          Reflect  .   (no helmet)
rElec   .          Harm     .   (no cloak)
rCorr   .          Rampage  .   l - +1 pair of gloves
Will    .....                   (no boots)
Stlth   +.........              (no amulet)
HPRegen 0.11/turn               i - ring of protection from cold
MPRegen 0.09/turn               (no ring)

@: confused
A: fangs 1, strong nose, distributed training
a: no special abilities


You were on level 2 of the Dungeon.
You visited 1 branch of the dungeon, and saw 2 of its levels.

You collected 95 gold pieces.

Inventory:

Hand Weapons
 a - a +2 falchion (weapon)
 d - a +0 dagger
 h - a +0 mace
 m - a +2 dagger of venom
Missiles
 c - 7 boomerangs (quivered)
 k - 3 poisoned darts
Armour
 e - a +0 robe (worn)
 l - a +1 pair of gloves (worn)
 n - a +0 leather armour
Jewellery
 i - a ring of protection from cold (left hand)
Scrolls
 b - 2 scrolls of butterflies
 j - 6 scrolls of identify {unknown}
Potions
 f - 2 potions of curing {unknown}
 g - a potion of brilliance {unknown}


   Skills:
 + Level 6.5 Fighting
 + Level 0.9 Short Blades
 + Level 8.5 Long Blades
 + Level 0.9 Axes
 + Level 0.9 Maces & Flails
 + Level 0.9 Polearms
 + Level 0.9 Staves
 + Level 0.9 Ranged Weapons
 + Level 2.6 Throwing
 + Level 4.5 Armour
 + Level 0.9 Dodging
 + Level 0.9 Stealth
 + Level 0.9 Shields
 + Level 0.9 Unarmed Combat
 + Level 0.9 Spellcasting
 + Level 0.6 Conjurations
 + Level 0.6 Hexes
 + Level 0.6 Summonings
 + Level 0.6 Necromancy
 + Level 0.6 Translocations
 + Level 0.6 Transmutations
 + Level 0.6 Fire Magic
 + Level 0.6 Ice Magic
 + Level 0.6 Air Magic
 + Level 0.6 Earth Magic
 + Level 0.6 Poison Magic
 + Level 1.0 Invocations
 + Level 0.9 Evocations


You had 3 spell levels left.
You didn't know any spells.
Your spell library contained the following spells:

 Spells                   Type           Power      Damage    Failure   Level
 Necrotise                Necr           4%         1d4       26%         1
 Ignite Poison            Fire/Tmut/Pois 1%         N/A       63%         3
 Mephitic Cloud           Conj/Pois/Air  1%         N/A       63%         3
 Vampiric Draining        Necr           1%         2d6       63%         3
 Anguish                  Hex/Necr       0%         N/A       95%         4
 Animate Dead             Necr           1%         N/A       95%         4
 Freezing Cloud           Conj/Ice/Air   0%         6-21      100%        5


Dungeon Overview and Level Annotations

Branches:
Dungeon (2/15)

Altars:
Kikubaaqudgha

Shops:
D:2 (*

Annotations:
D:2 Jessica


Innate Abilities, Weirdness & Mutations

You have very sharp teeth.
Your uncanny sense of smell can sniff out nearby items.
Your experience applies equally to all skills.


Message History

You see here a quokka corpse.
There is a stone staircase leading up here.
There is a stone staircase leading up here.
You see here a quokka corpse.
You see here a +0 club.
You see here a +0 dagger.
Found Takukap's Assorted Antiques.
A ball python comes into view.
There is an entrance to Takukap's Assorted Antiques here.
You can access your shopping list by pressing '$'.
The helpless ball python fails to defend itself.
You slash the ball python!
You kill the ball python!
There is a stone staircase leading down here.
A dart slug comes into view.
Found a Trismegistus Codex.
The dart slug bites you.
You hit the dart slug.
The dart slug is moderately wounded.
The dart slug bites you.
You slash the dart slug!
You kill the dart slug!
Found a scroll labelled XIPSUMAIDE.
Found a stone staircase leading down.
You pick up a Trismegistus Codex and begin reading...
You add the spells Ignite Poison, Mephitic Cloud and Freezing Cloud to your library.
Jessica the Apprentice Sorceress comes into view.
She is wielding a +2 dagger of protection and carrying a wand of light (13).
Jessica shouts!
Jessica hits you but does no damage.
You closely miss Jessica.
Jessica zaps a wand.
The bolt of light hits you!
You are confused.
You miss Jessica.
Jessica hits you with a +2 dagger of protection.
You bump into the rock wall.
Jessica hits you with a +2 dagger of protection.
You bump into the rock wall.
You feel less confused.
Jessica gestures wildly.
Jessica zaps a wand.
The bolt of light hits you!
You are confused.
You die...

∆ #.#### #####.#...
..?..#...### ..>.#...@@#
..##....#.#.#
........#.#.#
#......#.### #.##.###...#
∆
#........################
#......#.................
#+
###......################
#.#######.#.####


You could see Jessica.

Vanquished Creatures
  A worm (D:2)
  A dart slug (D:2)
  2 ball pythons (D:2)
  6 endoplasms
  A giant cockroach (D:2)
  2 goblins (D:1)
  4 hobgoblins (D:1)
  2 jackals (D:1)
  4 quokkas
  A bat (D:1)
  3 kobolds (D:1)
  2 rats
29 creatures vanquished.

Notes
Turn   | Place    | Note
-------+----------+-------------------------------------------
     0 | D:1      | booth the Gnoll Wanderer began the quest for the Orb.
     0 | D:1      | booth set off with the following items: a +2 falchion, 2
                  | scrolls of butterflies, 7 boomerangs, a +0 dagger, a +0
                  | robe.
     0 | D:1      | Reached XP level 1. HP: 23/23 MP: 1/1
    74 | D:1      | Found a faded altar of an unknown god.
   348 | D:1      | Reached XP level 2. HP: 17/29 MP: 2/2
   606 | D:1      | Prayed at the altar of an unknown god.
   606 | D:1      | Became a worshipper of Kikubaaqudgha
   606 | D:1      | Reached * piety under Kikubaaqudgha
   606 | D:1      | Received a gift from Kikubaaqudgha
   607 | D:1      | Fell from the grace of Kikubaaqudgha
   849 | D:1      | Reached XP level 3. HP: 24/35 MP: 3/3
  1149 | D:2      | Found Etitt's Weapon Emporium.
  1260 | D:2      | Reached skill level 1 in Invocations
  1382 | D:2      | Found Takukap's Assorted Antiques.
  1455 | D:2      | Noticed Jessica
  1461 | D:2      | Killed from afar by Jessica

Illustrated notes

Levels and vault maps discovered:
D:1:      dpeg_arrival_pits, layout_basic, hellmonk_ecumenical_altar_dog_temple
D:2:      layout_basic, serial_shops, shop, shop, uniq_crazy_yiuf_cottage,
          uniq_jessica, uniq_terence

Skill      XL: |  1  2  3 |
---------------+----------+-----
Invocations    | 1 |  1.0
Fighting       | |  6.5
Short Blades   | |  0.9
Long Blades    | |  8.5
Axes           | |  0.9
Maces & Flails | |  0.9
Polearms       | |  0.9
Staves         | |  0.9
Ranged Weapons | |  0.9
Throwing       | |  2.6
Armour         | |  4.5
Dodging        | |  0.9
Stealth        | |  0.9
Shields        | |  0.9
Unarmed Combat | |  0.9
Spellcasting   | |  0.9
Conjurations   | |  0.6
Hexes          | |  0.6
Summonings     | |  0.6
Necromancy     | |  0.6
Translocations | |  0.6
Transmutations | |  0.6
Fire Magic     | |  0.6
Ice Magic      | |  0.6
Air Magic      | |  0.6
Earth Magic    | |  0.6
Poison Magic   | |  0.6
Evocations     | |  0.9

Action                   || total
-------------------------++-------
Melee: Falchion          ||    72
       Bite              ||     5
Invok: Renounce Religion ||     1
 Stab: Sleeping          ||     2
Armor: Robe              ||     9
Dodge: Dodged            ||    19
